 Dungeon Sprint DCSS version 0.30-a0-311-gf115ab0292 (webtiles) character file.

Game seed: 6812604573642599522

1164 wilfster70 the Severer (level 8, -2/82 HPs)
             Began as a Hill Orc Fighter on Oct 25, 2022.
             Was a Believer of Okawaru.
             Slain by a six-headed hydra (11 damage)
             ... in the Dungeon (Sprint IX: "|||||||||||||||||||||||||||||").
             The game lasted 00:02:51 (391 turns).

wilfster70 the Severer (Hill Orc Fighter)            Turns: 391, Time: 00:02:53

Health: -2/82      AC: 16    Str: 24    XL:     8   Next: 40%
Magic:  7/8        EV:  7    Int: 10    God:    Okawaru [**....]
Gold:   0          SH:  4    Dex:  8    Spells: 7/7 levels left

rFire   + + +      SeeInvis .    b - +2 rapier "Hydrabane" {freeze, rF+++ Int+2 Dex-5 Stlth+}
rCold   . . .      Faith    .    c - +0 buckler
rNeg    . . .      Spirit   .    o - +0 plate armour
rPois   .          Reflect  .    (no helmet)
rElec   .          Harm     .    (no cloak)
rCorr   .          Rampage  .    m - +0 pair of gloves
Will    .....      NoTele   +    (no boots)
Stlth   ..........               (no amulet)
HPRegen 0.33/turn                p - +3 ring of dexterity
MPRegen 0.11/turn                n - +3 ring of strength

@: no status effects
A: no striking features
a: Renounce Religion, Heroism


You were in the Dungeon.
You worshipped Okawaru.
Okawaru was pleased with you.
You visited 1 branch

Inventory:

Hand Weapons
 a - a +1 vorpal broad axe
 b - the +2 rapier "Hydrabane" (weapon) {freeze, rF+++ Int+2 Dex-5 Stlth+}
   (You found it in the Dungeon)

   It freezes those it strikes, dealing additional cold damage.
   It can also slow down cold-blooded creatures.
   Int:       It affects your intelligence (+2).
   Dex:       It affects your dexterity (-5).
   rF:        It renders you almost immune to fire.
   Stlth:     It makes you more stealthy.
Armour
 c - a +0 buckler (worn)
 m - a +0 pair of gloves (worn)
 o - a +0 plate armour (worn)
Jewellery
 n - a +3 ring of strength (right hand)
 p - a +3 ring of dexterity (left hand)
Wands
 l - a wand of roots (10)
Scrolls
 j - 2 scrolls of blinking
 k - 2 scrolls of amnesia
Potions
 e - 4 potions of curing
 f - a potion of heal wounds
 g - a potion of haste
 h - 4 potions of magic
 i - a potion of invisibility


   Skills:
 + Level 11.3 Fighting
 * Level 16.3 Axes
 + Level 10.4 Armour
 - Level 4.0 Shields
 + Level 0.0 Invocations


You had 7 spell levels left.
You didn't know any spells.
Your spell library was empty.

Dungeon Overview and Level Annotations

Branches:
Dungeon (1/1)

Altars:
Cheibriados
Dithmenos
Elyvilon
Fedhas
Gozag
Hepliaklqana
Kikubaaqudgha
Makhleb
Nemelex Xobeh
Okawaru
Qazlal
Ru
Sif Muna
Trog
Uskayaw
Vehumet
Wu Jian
Xom
Yredelemnul
Zin
The Shining One
Beogh
Jiyva
Lugonu


Message History

You freeze the six-headed hydra.
The six-headed hydra is severely wounded.
The raiju changes into a wind drake!
You feel much better.
You feel like a meek peon again.
The six-headed hydra bites you but does no damage. x4
The six-headed hydra bites you! x2
You barely miss the six-headed hydra.
The six-headed hydra is severely wounded.
The deep elf pyromancer casts a spell.
The deep elf pyromancer blinks!
The six-headed hydra closely misses you.
The six-headed hydra bites you but does no damage. x2
The six-headed hydra bites you. x2; The six-headed hydra bites you!
* * * LOW HITPOINT WARNING * * *
You hit the six-headed hydra. You freeze the six-headed hydra.
The six-headed hydra is severely wounded.
The deep elf pyromancer barely misses you.
The six-headed hydra bites you but does no damage. x3
The six-headed hydra bites you.
* * * LOW HITPOINT WARNING * * *
The six-headed hydra bites you but does no damage.
You block the six-headed hydra's attack.
You hit the six-headed hydra. You freeze the six-headed hydra.
The six-headed hydra is severely wounded.
The deep elf pyromancer barely misses you.
The six-headed hydra bites you but does no damage.
The six-headed hydra bites you.
* * * LOW HITPOINT WARNING * * *
The six-headed hydra completely misses you.
You block the six-headed hydra's attack.
The six-headed hydra bites you but does no damage.
The six-headed hydra bites you.
* * * LOW HITPOINT WARNING * * *
You hit the six-headed hydra. You freeze the six-headed hydra.
The six-headed hydra is severely wounded.
The deep elf pyromancer hits you but does no damage.
The six-headed hydra bites you but does no damage. x2
The six-headed hydra bites you!
You die...

▓.▓
▓.▓
▓k▓
▓l▓
▓V▓
▓y▓
▓D▓
▓@▓
▓e▓
▓.▓
▓)▓
▓)▓
▓.▓
▓)▓
▓.▓
▓.▓


You could see a six-headed hydra (slow), a wind drake shaped shifter, a deep elf
pyromancer, a basilisk, a vampire and a vampire mosquito.

Vanquished Creatures
  2 kobold demonologists (D)
  2 shadows (D)
  A centaur (D)
  2 necrophages (D)
  2 scorpions (D)
  A howler monkey (D)
  An adder (D)
  An endoplasm (D)
  A ball python (D)
  A frilled lizard (D)
  A kobold (D)
  A rat (D)
16 creatures vanquished.

Notes
Turn   | Place    | Note
-------+----------+-------------------------------------------
     0 | D        | wilfster70 the Hill Orc Fighter began the quest for the
                  | Orb.
     0 | D        | Reached XP level 1. HP: 19/19 MP: 1/1
    16 | D        | Reached skill level 3 in Axes
    37 | D        | Noticed a necrophage
    37 | D        | Noticed a necrophage
    37 | D        | Noticed a scorpion
    37 | D        | Noticed a scorpion
    43 | D        | Killed a scorpion
    44 | D        | Reached skill level 5 in Fighting
    44 | D        | Reached skill level 7 in Axes
    44 | D        | Reached skill level 5 in Armour
    44 | D        | Reached XP level 2. HP: 30/30 MP: 2/2
    44 | D        | Reached XP level 3. HP: 37/37 MP: 3/3
    44 | D        | Reached XP level 4. HP: 44/44 MP: 4/4
    48 | D        | Killed a scorpion
    49 | D        | Reached skill level 9 in Axes
    49 | D        | Reached XP level 5. HP: 51/51 MP: 5/5
    56 | D        | Reached skill level 10 in Axes
    63 | D        | Reached skill level 11 in Axes
    63 | D        | Reached XP level 6. HP: 54/61 MP: 6/6
    93 | D        | Found a roughly hewn altar of Beogh.
    93 | D        | Found a snail-covered altar of Cheibriados.
    93 | D        | Found a shadowy altar of Dithmenos.
    93 | D        | Found a white marble altar of Elyvilon.
    93 | D        | Found a blossoming altar of Fedhas.
    93 | D        | Found an opulent altar of Gozag.
    94 | D        | Found a hazy altar of Hepliaklqana.
    95 | D        | Found a viscous altar of Jiyva.
    96 | D        | Found an ancient bone altar of Kikubaaqudgha.
    97 | D        | Found a corrupted altar of Lugonu.
    98 | D        | Found a burning altar of Makhleb.
    99 | D        | Found a sparkling altar of Nemelex Xobeh.
   100 | D        | Found an iron altar of Okawaru.
   101 | D        | Found a stormy altar of Qazlal.
   102 | D        | Found a sacrificial altar of Ru.
   103 | D        | Found a shimmering blue altar of Sif Muna.
   104 | D        | Found a bloodstained altar of Trog.
   105 | D        | Found a hide-covered altar of Uskayaw.
   106 | D        | Found a radiant altar of Vehumet.
   107 | D        | Found an ornate altar of the Wu Jian Council.
   108 | D        | Became a worshipper of Warmaster Okawaru
   109 | D        | Found a shimmering altar of Xom.
   110 | D        | Found a basalt altar of Yredelemnul.
   111 | D        | Found a glowing silver altar of Zin.
   112 | D        | Found a glowing golden altar of the Shining One.
   128 | D        | Got the +2 rapier "Hydrabane" {freeze, rF+++ Int+2 Dex-5
                  | Stlth+}
   159 | D        | Noticed a kobold demonologist
   159 | D        | Noticed a kobold demonologist
   159 | D        | Noticed a shadow
   159 | D        | Noticed a shadow
   164 | D        | Noticed a sun demon
   164 | D        | Killed a shadow
   165 | D        | Reached skill level 13 in Axes
   165 | D        | Reached XP level 7. HP: 27/70 MP: 7/7
   166 | D        | Killed a shadow
   166 | D        | Reached * piety under Okawaru
   167 | D        | Reached skill level 14 in Axes
   168 | D        | Noticed an orange demon
   170 | D        | Reached skill level 10 in Fighting
   178 | D        | Noticed a red devil
   182 | D        | Killed a kobold demonologist
   183 | D        | Reached skill level 15 in Axes
   183 | D        | Reached skill level 10 in Armour
   183 | D        | Reached XP level 8. HP: 20/81 MP: 8/8
   183 | D        | Noticed a ynoxinul
   194 | D        | Killed a kobold demonologist
   194 | D        | Reached ** piety under Okawaru
   195 | D        | Reached skill level 16 in Axes
   374 | D        | Noticed a raiju
   374 | D        | Noticed a deep elf pyromancer
   374 | D        | Noticed a vampire
   374 | D        | Noticed a five-headed hydra
   386 | D        | a raiju changed into a wind drake
   386 | D        | Noticed a wind drake (shapeshifter)
   391 | D        | Slain by a six-headed hydra

Illustrated notes

Levels and vault maps discovered:
D:        linesprint [early_d, line_temple, items_1, d_10, items_2, lair_1,
          lair_end, items_3, orc_1, orc_end, items_4, d_15, swamp_1, shoals_1,
          snake_1, spider_1, d_20, vaults_1, items_5, swamp_end, shoals_end,
          snake_end, spider_end, vaults_end, d_27, items_6, zot_1, zot_end,
          crypt_end, forest_end, elf_end, slime_end, tomb_end, abyss_end,
          pan_hell_end]

Skill      XL: |  1  2  3  4  5  6  7  8 |
---------------+-------------------------+-----
Axes           | 7 9 11 13 15 16 | 16.3
Fighting       | 5 6 8 9 10 11 | 11.3
Armour         | 5 6 7 8 10 | 10.4
Shields        | 4 |  4.0

Action                   |  1- 3 |  4- 6 |  7- 9 || total
-------------------------+-------+-------+-------++-------
Melee: War axe           |    28 |    19 |       ||    47
       Broad axe         |       |     5 |    26 ||    31
       Rapier            |       |       |    12 ||    12
Invok: Heroism           |       |       |     1 ||     1
  Use: Potion            |     1 |       |     4 ||     5
Armor: Scale mail        |    10 |     4 |       ||    14
       Plate armour      |       |     2 |    53 ||    55
Dodge: Dodged            |    14 |     4 |    20 ||    38
Block: Buckler           |     6 |     6 |    10 ||    22

Table legend: (Time is in decaauts)
 A = Elapsed time spent in this place.
 B = Non-inter-level travel time spent in this place.
 C = Inter-level travel time spent in this place.
 D = Time resting spent in this place.
 E = Time spent auto-exploring this place.
 F = Levels seen in this place.
 G = Mean time per level.
                   A        B        C        D        E       F      G
               +--------+--------+--------+--------+--------+-----+--------+
         Total |    405 |    405 |      0 |    209 |      0 |   1 |  405.0 |
       Dungeon |    405 |    405 |      0 |    209 |      0 |   1 |  405.0 |
               +--------+--------+--------+--------+--------+-----+--------+

Top non-repeatable levels by time:
       D: 405 daAuts
